[Event "GrandPrix_29.05"]
[Site "Chess.com"]
[Date "2020.05.29"]
[Round "3"]
[White "Skatchkov_V"]
[Black "Glek_Igor"]
[Result "0-1"]
[WhiteElo "2177"]
[BlackElo "2507"]
[TimeControl "600+2"]
[EndTime "10:07:22 PDT"]
[Termination "Glek_Igor won by resignation"]

1. d4 e6 2. c4 Bb4+ 3. Bd2 Bxd2+ 4. Nxd2 d6 5. Ngf3 Nd7 6. e4 e5 7. d5 a5 8. Be2 Nc5 9. O-O Ne7 10. Qc2 f5 11. Qb3 Nxb3 0-1

[Event "GrandPrix_29.05"]
[Site "Chess.com"]
[Date "2020.05.29"]
[Round "3"]
[White "Elshadchess"]
[Black "Saqo007"]
[Result "1-0"]
[WhiteElo "1794"]
[BlackElo "2020"]
[TimeControl "600+2"]
[EndTime "10:07:30 PDT"]
[Termination "Elshadchess won by checkmate"]

1. Nc3 c5 2. d4 cxd4 3. Qxd4 Nc6 4.
Qh4 d5 5. Bg5 h6 6. O-O-O d4 7. e3 Qa5 8. Rxd4 Nxd4 9. Qxd4 e5 10. Bb5+ Qxb5 11. Qd8# 1-0

[Event "GrandPrix_29.05"]
[Site "Chess.com"]
[Date "2020.05.29"]
[Round "3"]
[White "sahidi"]
[Black "fujiwara_hoga"]
[Result "1-0"]
[WhiteElo "2107"]
[BlackElo "2111"]
[TimeControl "600+2"]
[EndTime "10:12:23 PDT"]
[Termination "sahidi won by resignation"]

1. e4 e5 2. Nf3 Nc6 3. Bb5 a6 4. Ba4 Nf6 5. d3 b5 6. Bb3 Be7 7. O-O d6 8. h3 O-O 9. c3 Na5 10. Bc2 c5 11. Bg5 Nc6 12. Bxf6 Bxf6 13. Nbd2 Be6 14. Bb3 d5 15. exd5 Bxd5 16. Ne4 Be7 17. Re1 Qd7 18. Ng3 Bf6 19. Nh5 Bd8 20. Nxe5 Nxe5 21.
Rxe5 Bxb3 22. axb3 Qd6 23. Re1 Bc7 24. Ng3 Rfd8 25. Qf3 Qxd3 26. Re8+ 1-0

[Event "GrandPrix_29.05"]
[Site "Chess.com"]
[Date "2020.05.29"]
[Round "3"]
[White "KJakubowski"]
[Black "PeshkaTheGreat"]
[Result "1-0"]
[WhiteElo "2533"]
[BlackElo "2234"]
[TimeControl "600+2"]
[EndTime "10:12:35 PDT"]
[Termination "KJakubowski won by resignation"]

1. e4 c5 2. Nf3 d6 3. d4 cxd4 4. Nxd4 Nf6 5. Nc3 g6 6. Be2 Bg7 7. O-O O-O 8. Be3 Nc6 9. Nb3 Bd7 10. Qd2 Ng4 11. Bxg4 Bxg4 12. Bh6 a6 13. Bxg7 Kxg7 14.
f4 Be6 15. Kh1 Qb6 16. Nd5 Bxd5 17. exd5 Na7 18. Rae1 Rae8 19. f5 Nb5 20. Rxe7 Rxe7 21.
f6+ Kg8 22. Qh6 1-0

[Event "GrandPrix_29.05"]
[Site "Chess.com"]
[Date "2020.05.29"]
[Round "3"]
[White "chansen64"]
[Black "XeresLt"]
[Result "0-1"]
[WhiteElo "2046"]
[BlackElo "1825"]
[TimeControl "600+2"]
[EndTime "10:13:27 PDT"]
[Termination "XeresLt won by resignation"]

1. d4 Nf6 2. Nf3 g6 3. c4 Bg7 4. Nc3 O-O 5. Bg5 d6 6. e3 c5 7. d5 a6 8. a4 Re8 9. Be2 e6 10.
Nd2 h6 11. Bh4 exd5 12. cxd5 Nbd7 13. O-O b6 14. Bg3 Ne5 15. f4 Neg4 16. Nc4 Nxe3 17.
Nxe3 Rxe3 18. Qd2 Re7 19. Bf3 Bf5 20. Rfe1 Raa7 21. h3 Qe8 22. Bf2 Ne4 23. Nxe4 Bxe4 24. Be2 f5 25. Bc4 Kh7 26. Kh2 b5 27. Bf1 bxa4 28.
Bc4 Rab7 29. Ra2 Rb4 30. Rc1 a5 0-1

[Event "GrandPrix_29.05"]
[Site "Chess.com"]
[Date "2020.05.29"]
[Round "3"]
[White "Benjoneliere44"]
[Black "KacperKacprzak"]
[Result "1-0"]
[WhiteElo "1953"]
[BlackElo "2053"]
[TimeControl "600+2"]
[EndTime "10:14:01 PDT"]
[Termination "Benjoneliere44 won by resignation"]

1. d4 Nf6 2. Bf4 d6 3. Nc3 Nbd7 4. Nf3 g6 5. e4 Bg7 6. Qd2 O-O 7. Bh6 e5 8. Bxg7 Kxg7 9. O-O-O Qe7 10. dxe5 Nxe5 11. h4 Be6 12. h5 Neg4 13. hxg6 fxg6 14.
Kb1 Kg8 15. Ng5 a6 16. Qd4 b5 17. Be2 Ne5 18. f4 Nc6 19. Qd2 Bc4 20. Bxc4+ bxc4 21. Nd5 1-0

[Event "GrandPrix_29.05"]
[Site "Chess.com"]
[Date "2020.05.29"]
[Round "3"]
[White "Fandorine"]
[Black "Rakhmanov_Aleksandr"]
[Result "1/2-1/2"]
[WhiteElo "2569"]
[BlackElo "2410"]
[TimeControl "600+2"]
[EndTime "10:14:13 PDT"]
[Termination "Game drawn by agreement"]

1. e4 e5 2. Nc3 Nf6 3. Bc4 Nxe4 4. Qh5 Nd6 5. Bb3 Be7 6. Qxe5 O-O 7. d4 Nc6 8. Qf4 Na5 9. Nf3 Nxb3 10. axb3 Re8 11.
O-O b6 12. d5 Bf6 13. Be3 Bxc3 14. bxc3 Re4 15. Qg3 Nf5 16. Qg5 Qxg5 17. Bxg5 f6 18.
Bd2 Kf7 19. c4 d6 20. Rfe1 1/2-1/2

[Event "GrandPrix_29.05"]
[Site "Chess.com"]
[Date "2020.05.29"]
[Round "3"]
[White "SacrificeGod"]
[Black "Jan1401"]
[Result "0-1"]
[WhiteElo "2313"]
[BlackElo "2374"]
[TimeControl "600+2"]
[EndTime "10:14:15 PDT"]
[Termination "Jan1401 won by resignation"]

1. e4 e6 2. d4 d5 3. Nd2 Nc6 4. Ngf3 Nf6 5. e5 Nd7 6. Nb3 Be7 7. Bb5 a5 8. a4 Na7 9. Bd3 b6 10. c3 c5 11. Nbd2 Nc6 12. Qe2 cxd4 13. cxd4 Nb4 14. Bb1 Ba6 15. Qe3 Rc8 16. Nf1 Nc2+ 17. Bxc2 Rxc2 18.
Ng3 Bb4+ 19. Kd1 Qc7 20. Ng5 h6 21. Nh3 O-O 22. Nf4 Rc8 23. Nfh5 Rxb2 0-1

[Event "GrandPrix_29.05"]
[Site "Chess.com"]
[Date "2020.05.29"]
[Round "3"]
[White "cassoulet"]
[Black "Margency"]
[Result "0-1"]
[WhiteElo "1895"]
[BlackElo "1648"]
[TimeControl "600+2"]
[EndTime "10:14:28 PDT"]
[Termination "Margency won by resignation"]

1. e4 e5 2. Nf3 Nc6 3. Bc4 Nf6 4. d3 Bc5 5. c3 O-O 6. Bb3 d5 7. exd5 Nxd5 8. O-O Bg4 9. h3 Bh5 10. Re1 Kh8 11.
g4 Bg6 12. Nxe5 Nxe5 13. Rxe5 c6 14. d4 Bd6 15. Re1 Qh4 16. Qf3 f5 17. g5 Bh5 18. Qg2 f4 19. Re4 Rf5 20. Kf1 Rxg5 21. Qh1 Rf8 22. Nd2 Ne3+ 23. Ke1 Rg2 0-1

[Event "GrandPrix_29.05"]
[Site "Chess.com"]
[Date "2020.05.29"]
[Round "3"]
[White "Sporty207"]
[Black "WhiteCapital80"]
[Result "1/2-1/2"]
[WhiteElo "2229"]
[BlackElo "2120"]
[TimeControl "600+2"]
[EndTime "10:15:09 PDT"]
[Termination "Game drawn by agreement"]

1. d4 e6 2. c4 d5 3. Nc3 Be7 4. Nf3 Nf6 5. cxd5 exd5 6. Bg5 c6 7. e3 Bf5 8. Bd3 Bxd3 9. Qxd3 Nbd7 10. h3 O-O 11. O-O Re8 12. Rab1 a5 13. a3 Ne4 14. Bf4 Bd6 15. Rfc1 Bxf4 16. exf4 Nxc3 17. bxc3 Qc7 18. Ne5 f6 19. Nxd7 Qxd7 20. Re1 Qd6 21. g3 Qxa3 22. Rxe8+ Rxe8 23. Rxb7 1/2-1/2

[Event "GrandPrix_29.05"]
[Site "Chess.com"]
[Date "2020.05.29"]
[Round "3"]
[White "kotmizer"]
[Black "Zhuu96"]
[Result "0-1"]
[WhiteElo "2198"]
[BlackElo "2623"]
[TimeControl "600+2"]
[EndTime "10:15:17 PDT"]
[Termination "Zhuu96 won by resignation"]

1. e4 e5 2. Bc4 Nf6 3. d3 c6 4.
Nf3 d5 5. Bb3 Bd6 6. O-O O-O 7.
Qe2 h6 8. c3 Re8 9. Nbd2 Nbd7 10.
Re1 Nc5 11. Bc2 Ne6 12. Nf1 Bc7 13. h3 a5 14. a4 d4 15. N3h2 b5 16. Ng3 dxc3 17.
bxc3 b4 18. Bb2 Nf4 19. Qf3 Nh7 20. Nf5 Ng5 21. Qd1 Bxf5 22. exf5 Qd5 23. Qg4 bxc3 24. Ba3 Nh7 25. Nf3 Nf6 26. Qh4 Nxd3 27. Re3 e4 28.
Ne1 Bb6 29. Re2 Qxf5 30. Rd1 Nf4 0-1

[Event "GrandPrix_29.05"]
[Site "Chess.com"]
[Date "2020.05.29"]
[Round "3"]
[White "Pierluigi15"]
[Black "CHESSMASTER759"]
[Result "1-0"]
[WhiteElo "2467"]
[BlackElo "2127"]
[TimeControl "600+2"]
[EndTime "10:15:32 PDT"]
[Termination "Pierluigi15 won by resignation"]

1. d4 Nf6 2. c4 e6 3. Nc3 d5 4.
Nf3 c5 5. cxd5 Nxd5 6. e4 Nxc3 7. bxc3 cxd4 8. cxd4 Bb4+ 9. Bd2 Bxd2+ 10. Qxd2 O-O 11.
Bc4 Nd7 12. O-O b6 13. Rad1 Bb7 14. Rfe1 Rc8 15. Bb3 h6 16. h3 Nf6 17. d5 exd5 18. exd5 Qd6 19. Nd4 Rfe8 20. Nf5 Qd7 21. Qf4 Rxe1+ 22.
Rxe1 Re8 23. Rxe8+ Nxe8 24. d6 Kf8 25. Qe5 Bc6 26. g4 Qd8 27. h4 Qf6 28. Qe7+ Qxe7 29. dxe7+ Kg8 30. g5 Bd7 31. g6 Be6 32. Bxe6 fxe6 33.
Nd4 e5 34. Nc6 1-0

[Event "GrandPrix_29.05"]
[Site "Chess.com"]
[Date "2020.05.29"]
[Round "3"]
[White "StephenDedalus83"]
[Black "Arasvard"]
[Result "1-0"]
[WhiteElo "2118"]
[BlackElo "2069"]
[TimeControl "600+2"]
[EndTime "10:15:40 PDT"]
[Termination "StephenDedalus83 won by resignation"]

1. e4 c5 2. Nf3 d6 3. d4 cxd4 4. Nxd4 Nf6 5. Nc3 a6 6. h3 e5 7.
Nf3 h6 8. Bc4 Be6 9. Qe2 Be7 10.
O-O O-O 11. Rd1 Nbd7 12. Nh2 Bxc4 13. Qxc4 b5 14. Qe2 Nb6 15. Ng4 Nxg4 16. Qxg4 Qc8 17. Qg3 Kh7 18. Be3 Nc4 19. Nd5 Bd8 20. b3 Nxe3 21.
Nxe3 Bb6 22. Nf5 g6 23. Rxd6 gxf5 24. Rxb6 f4 25. Qh4 f6 26. Rxf6 Rxf6 27. Qxf6 1-0

[Event "GrandPrix_29.05"]
[Site "Chess.com"]
[Date "2020.05.29"]
[Round "3"]
[White "Gabix_94"]
[Black "LuckyLuka04"]
[Result "1-0"]
[WhiteElo "2476"]
[BlackElo "2225"]
[TimeControl "600+2"]
[EndTime "10:16:06 PDT"]
[Termination "Gabix_94 won by checkmate"]

1. d4 Nf6 2. c4 a6 3. Nc3 c5 4. Nf3 cxd4 5. Nxd4 e6 6. g3 Qc7 7.
Bg2 Qxc4 8. O-O Qc7 9. e4 d6 10. Be3 Be7 11. Rc1 Qd8 12. Na4 O-O 13. Rxc8 Qxc8 14. Nb6 Qd8 15. Nxa8 Nbd7 16. e5 dxe5 17. Nxe6 fxe6 18. Bxb7 Qb8 19. Qb3 Kf7 20. Rc1 e4 21.
Nc7 Nc5 22. Rxc5 Bxc5 23. Qxe6+ Kg6 24. Bxe4+ Kh5 25. Qh3# 1-0

[Event "GrandPrix_29.05"]
[Site "Chess.com"]
[Date "2020.05.29"]
[Round "3"]
[White "payto1"]
[Black "VladimirPotkin"]
[Result "1/2-1/2"]
[WhiteElo "2172"]
[BlackElo "2061"]
[TimeControl "600+2"]
[EndTime "10:16:38 PDT"]
[Termination "Game drawn by agreement"]

1. d4 Nf6 2. Bg5 d5 3. Bxf6 gxf6 4. e3 c5 5. dxc5 Nc6 6. Nf3 e5 7. c4 d4 8. exd4 e4 9. Nfd2 Qxd4 10. Nc3 f5 11.
Nb3 Qe5 12. Qd5 Bg7 13. Qxe5+ Nxe5 14. Be2 O-O 15. O-O-O Be6 16. Nd5 Rfd8 17. g3 Kf8 18. Nc7 Rac8 19. Nxe6+ fxe6 20. Rxd8+ Rxd8 21. Rd1 Rxd1+ 22. Kxd1 Nd7 23. Kc2 Ke7 24. f3 Be5 25. fxe4 fxe4 26. Nd2 Nxc5 27. b4 1/2-1/2

[Event "GrandPrix_29.05"]
[Site "Chess.com"]
[Date "2020.05.29"]
[Round "3"]
[White "Poghosyan_Suren"]
[Black "Karinaa87"]
[Result "1-0"]
[WhiteElo "2156"]
[BlackElo "1879"]
[TimeControl "600+2"]
[EndTime "10:16:43 PDT"]
[Termination "Poghosyan_Suren won by resignation"]

1. d4 Nf6 2. c4 e6 3. Nc3 Bb4 4. e3 O-O 5. Ne2 b6 6. a3 Be7 7.
d5 e5 8. g3 d6 9. Bg2 a5 10. O-O Bd7 11. b3 Qc8 12. f4 Bh3 13. e4 Bxg2 14. Kxg2 exf4 15. gxf4 Nbd7 16. Ng3 Nc5 17.
e5 dxe5 18. fxe5 Ng4 19. Nf5 Qe8 20. Qxg4 g6 21. Bh6 Kh8 22. Bg7+ Kg8 23. Bxf8 Bxf8 24. Rae1 Kh8 25. Ng3 Nd3 26. e6 Nxe1+ 27. Rxe1 Bg7 28.
Nb5 Qe7 29. Qf4 Rc8 30. Qxf7 Qg5 31. e7 1-0

[Event "GrandPrix_29.05"]
[Site "Chess.com"]
[Date "2020.05.29"]
[Round "3"]
[White "cantdefyme"]
[Black "Gurvich_Vitaly"]
[Result "0-1"]
[WhiteElo "2095"]
[BlackElo "2357"]
[TimeControl "600+2"]
[EndTime "10:16:53 PDT"]
[Termination "Gurvich_Vitaly won by resignation"]

1. e4 c5 2. Nf3 Nc6 3. d4 cxd4 4.
Nxd4 e5 5. Nb5 d6 6. c4 Be7 7.
N5c3 Nf6 8. Be2 O-O 9. O-O Be6 10. Be3 Rc8 11. f3 Nh5 12. Nd5 Bg5 13. Nbc3 Bxd5 14. Bxg5 Qxg5 15. Nxd5 Nd4 16. Kh1 Nf4 17. Nxf4 Qxf4 18.
Rf2 a6 19. a4 a5 20. Bf1 Rc6 21. Qe1 Ra8 22. b4 b6 23. bxa5 Rxa5 24. Qb4 h5 25.
Qc3 h4 26. Rb2 h3 27. g3 Qxf3+ 28. Qxf3 Nxf3 29. Bxh3 Rxc4 30. Rxb6 Rcxa4 31. Rxa4 Rxa4 32. Rxd6 Ra2 33. Bg2 Ra1+ 34. Bf1 Rxf1+ 35. Kg2 Nxh2 36. Kxh2 Re1 0-1

[Event "GrandPrix_29.05"]
[Site "Chess.com"]
[Date "2020.05.29"]
[Round "3"]
[White "AsadliVugar"]
[Black "ValeriyGrinev"]
[Result "1/2-1/2"]
[WhiteElo "2173"]
[BlackElo "2055"]
[TimeControl "600+2"]
[EndTime "10:17:03 PDT"]
[Termination "Game drawn by repetition"]

1. e4 c5 2. Nc3 e6 3. Nf3 a6 4. g3 b5 5. Bg2 Bb7 6. d4 cxd4 7. Nxd4 Nf6 8. O-O b4 9. Na4 Bxe4 10. Bxe4 Nxe4 11.
Re1 Nc5 12. c3 Nxa4 13. Qxa4 bxc3 14. Nxe6 fxe6 15. Rxe6+ Kf7 16. Re1 Be7 17. bxc3 Re8 18. Qe4 Nc6 19. Qxh7 Bf6 20. Qh5+ Kg8 21. Qd5+ Kh8 22.
Qh5+ Kg8 23. Qd5+ Kh8 24. Qh5+ Kg8 1/2-1/2

[Event "GrandPrix_29.05"]
[Site "Chess.com"]
[Date "2020.05.29"]
[Round "3"]
[White "Chepaschess"]
[Black "Novoselski"]
[Result "1-0"]
[WhiteElo "2668"]
[BlackElo "2317"]
[TimeControl "600+2"]
[EndTime "10:17:09 PDT"]
[Termination "Chepaschess won by resignation"]

1. Nf3 e6 2. c4 f5 3. g3 Nf6 4. Bg2 Be7 5. O-O O-O 6. d3 c5 7. Nc3 Nc6 8. d4 Ne4 9. Qd3 Nxc3 10. bxc3 d6 11. e4 e5 12. dxe5 dxe5 13. Qd5+ Kh8 14. Re1 f4 15. Nxe5 Nxe5 16. Qxe5 f3 17. Bf1 Bf6 18.
Qxc5 Bxc3 19. Ba3 Re8 20. Rad1 Qb6 21. Re3 Be5 22. h3 Qh6 23. Qxe5 Bxh3 24. Qf4 1-0

[Event "GrandPrix_29.05"]
[Site "Chess.com"]
[Date "2020.05.29"]
[Round "3"]
[White "Doukis"]
[Black "anesar92"]
[Result "1/2-1/2"]
[WhiteElo "2244"]
[BlackElo "2157"]
[TimeControl "600+2"]
[EndTime "10:17:09 PDT"]
[Termination "Game drawn by repetition"]

1. d4 Nf6 2. c4 e6 3. Nc3 Bb4 4. a3 Bxc3+ 5. bxc3 O-O 6. e3 d6 7. Bd3 e5 8. Ne2 e4 9. Bb1 Re8 10. O-O Nc6 11. Ng3 Na5 12. f3 exf3 13. Qxf3 Bg4 14.
Qf4 Be6 15. d5 Bd7 16. Qh4 Nb3 17. Nh5 Nxh5 18. Bxh7+ Kxh7 19. Qxh5+ Kg8 20. Qxf7+ Kh7 21. Qh5+ Kg8 22. Qf7+ Kh7 23. Qh5+ Kg8 24. Qf7+ 1/2-1/2

[Event "GrandPrix_29.05"]
[Site "Chess.com"]
[Date "2020.05.29"]
[Round "3"]
[White "Nikame"]
[Black "bratkoo"]
[Result "1-0"]
[WhiteElo "2299"]
[BlackElo "2096"]
[TimeControl "600+2"]
[EndTime "10:17:10 PDT"]
[Termination "Nikame won by resignation"]

1. d4 e6 2. e4 d5 3. exd5 exd5 4.
Nf3 Nc6 5. Bd3 Bg4 6. c3 Bd6 7. h3 Bh5 8. Be3 Nge7 9. Nbd2 Qd7 10. Qc2 a6 11. O-O O-O 12. Bxh7+ Kh8 13. Bd3 f5 14. Bg5 Ng6 15. Rfe1 Nf4 16. Ne5 Bxe5 17. dxe5 Nxd3 18. Qxd3 Rae8 19. f4 Bf7 20. Nf3 Kg8 21. Rad1 Be6 22. Qe3 Qf7 23. Bh4 Qh5 24. Bf2 b6 25.
Ng5 Qg6 26. Rd3 Na5 27. b3 Rd8 28. Qf3 Rfe8 29. Red1 Bc8 30. h4 Bb7 31. h5 Qh6 32.
Qh3 Rf8 33. e6 Rde8 34. Re3 Qf6 35. Re5 c5 36. Bh4 Qh6 37. e7 Rf6 38. Nf3 Rf7 39. Bg5 Qd6 40. Rxf5 Bc8 41. Rfxd5 Qxd5 42. Rxd5 Bxh3 43. Rd8 Bd7 44. Ne5 Bc6 45. Nxc6 Rxe7 46.
Nxe7+ Kf7 47. Rxe8 Kxe8 1-0

[Event "GrandPrix_29.05"]
[Site "Chess.com"]
[Date "2020.05.29"]
[Round "3"]
[White "Armen_Barseghyan"]
[Black "LANCELOT96"]
[Result "1-0"]
[WhiteElo "2301"]
[BlackElo "2099"]
[TimeControl "600+2"]
[EndTime "10:17:11 PDT"]
[Termination "Armen_Barseghyan won by resignation"]

1. d4 d5 2. c4 c6 3. Nf3 dxc4 4. a4 b5 5. e3 Bb7 6. Nc3 a6 7. Be2 Nd7 8. O-O e6 9. e4 Ngf6 10. b3 cxb3 11. Qxb3 Be7 12. Rd1 b4 13. Na2 Nxe4 14.
Nxb4 O-O 15. Nd3 Rb8 16. Ba3 a5 17. Qc2 Bxa3 18. Rxa3 Qe7 19. Raa1 c5 20. dxc5 Ndxc5 21. Nxc5 Qxc5 22. Qxc5 Nxc5 23. Bb5 Bxf3 24. gxf3 g6 25. Rac1 Rfc8 26. Rc3 Rc7 27. Rdc1 Rbc8 28. Bd7 Rxd7 29. Rxc5 Rxc5 30. Rxc5 Rd5 31. Rc8+ Kg7 32. Ra8 h5 33.
Ra7 g5 34. h3 Kg6 35. Kg2 f6 36. Ra6 Kf5 37. Kg3 h4+ 38. Kg2 Re5 39. Rc6 Kg6 40. Ra6 f5 41. Ra8 Rc5 42. Ra6 Kf6 43. Ra7 Ke5 44. Ra6 Kd5 45. Rb6 Kc4 46. Rxe6 Kb4 47. f4 gxf4 48. Rh6 Kxa4 49. Rxh4 Kb3 50.
Rh8 a4 51. Rb8+ Kc3 52. Ra8 Kb4 53. h4 a3 54. Kf3 Ra5 55. Rb8+ Kc3 56. Rb1 a2 57. Ra1 Kb2 58. Rxa2+ Kc3 59. Rxa5 Kb2 60. Rxf5 Ka2 61. Rxf4 Kb3 62. h5 1-0

[Event "GrandPrix_29.05"]
[Site "Chess.com"]
[Date "2020.05.29"]
[Round "3"]
[White "DaviD-GevorG"]
[Black "maciek_92"]
[Result "1-0"]
[WhiteElo "1854"]
[BlackElo "2030"]
[TimeControl "600+2"]
[EndTime "10:17:28 PDT"]
[Termination "DaviD-GevorG won by checkmate"]

1. Nf3 f5 2. g3 Nf6 3. Bg2 g6 4. O-O Bg7 5. d4 O-O 6. c3 d6 7. Qb3+ e6 8. Ng5 d5 9. Nd2 h6 10. Nh3 g5 11. f3 c5 12. e4 cxd4 13. e5 Nfd7 14. cxd4 Nc6 15. Qe3 Qb6 16. Nb3 a5 17. f4 a4 18. Nc5 Nxc5 19. dxc5 Qb4 20. fxg5 Bxe5 21. Kh1 Bd4 22. Qe2 Qxc5 23. Qh5 Qe7 24. g6 a3 25. Bxh6 axb2 26. Bxf8 Kxf8 27. Rae1 Ne5 28.
Qh8# 1-0

[Event "GrandPrix_29.05"]
[Site "Chess.com"]
[Date "2020.05.29"]
[Round "3"]
[White "titan013"]
[Black "Korona_91"]
[Result "1-0"]
[WhiteElo "1649"]
[BlackElo "1952"]
[TimeControl "600+2"]
[EndTime "10:17:54 PDT"]
[Termination "titan013 won by resignation"]

1. e4 g6 2. d4 Bg7 3. Nf3 d6 4. Nc3 Nd7 5. Be3 c6 6. Qd2 b5 7. a4 b4 8. Ne2 a5 9. Ng3 Qc7 10. c3 c5 11. Bb5 Nf6 12. e5 Nd5 13. e6 fxe6 14. Ng5 bxc3 15. bxc3 cxd4 16. cxd4 Nxe3 17. fxe3 Qb6 18. Nxe6 Bf6 19. O-O d5 20. Nc5 Qd6 21.
Qa2 h5 22. Rab1 h4 23. Ne2 g5 24. Nc3 h3 25. g3 O-O 26. N3e4 Qc7 27. Qxd5+ Kh8 28.
Bxd7 Bxd7 29. Qxd7 1-0

[Event "GrandPrix_29.05"]
[Site "Chess.com"]
[Date "2020.05.29"]
[Round "3"]
[White "Vazgen352"]
[Black "OparinGrigoriy"]
[Result "1/2-1/2"]
[WhiteElo "2546"]
[BlackElo "2416"]
[TimeControl "600+2"]
[EndTime "10:18:24 PDT"]
[Termination "Game drawn by agreement"]

1. c4 e6 2. g3 d5 3. Bg2 Nf6 4. Nf3 dxc4 5. Na3 Bxa3 6. bxa3 O-O 7. O-O c5 8. Qc2 Nbd7 9. Qxc4 Rb8 10. a4 b6 11. Bb2 Bb7 12. a5 b5 13. Qc2 Qxa5 14.
Bxf6 Nxf6 15. Qxc5 Rbc8 16. Qe3 Rc2 17. Nd4 Bxg2 18.
Kxg2 Rxa2 19. Nb3 Qa3 20. Rxa2 Qxa2 21. Ra1 Qc2 22. Rxa7 Ng4 23. Qc3 Qd1 24. Nd4 Qe1 25.
Qf3 Ne5 26. Qe4 Nc4 27. Nf3 Nxd2 28. Qxh7+ Kxh7 29. Nxe1 Ne4 1/2-1/2

[Event "GrandPrix_29.05"]
[Site "Chess.com"]
[Date "2020.05.29"]
[Round "3"]
[White "Infernal_XaM"]
[Black "madamDD"]
[Result "1-0"]
[WhiteElo "2813"]
[BlackElo "2464"]
[TimeControl "600+2"]
[EndTime "10:18:41 PDT"]
[Termination "Infernal_XaM won by resignation"]

1. d4 Nf6 2. c4 b6 3. f3 Nc6 4. e4 e5 5. dxe5 Nxe5 6. Nc3 Bc5 7. Bf4 Ng6 8. Bg3 Nh5 9. Qd2 d6 10. Bd3 Be6 11. f4 Nxg3 12. hxg3 Bg4 13. Nf3 Ne7 14.
a3 a5 15. O-O-O Qd7 16. Be2 O-O-O 17. Ng5 Bxe2 18. Nxe2 Nc6 19. Qd5 Qg4 20. Rde1 Ne5 21. Rh4 Be3+ 22. Kb1 c6 23. Qxe5 dxe5 24. Rxg4 h5 25. Rh4 Rd2 26. Nf3 Bf2 27. Nxd2 Bxe1 28. Nf3 1-0

[Event "GrandPrix_29.05"]
[Site "Chess.com"]
[Date "2020.05.29"]
[Round "3"]
[White "gliglu"]
[Black "Lukianoo"]
[Result "0-1"]
[WhiteElo "2368"]
[BlackElo "2746"]
[TimeControl "600+2"]
[EndTime "10:18:42 PDT"]
[Termination "Lukianoo won by resignation"]

1. d4 Nf6 2. c4 e6 3. Nf3 Bb4+ 4. Nbd2 b6 5. g3 Bb7 6. Bg2 O-O 7. O-O a5 8. a3 Bxd2 9. Bxd2 a4 10. Rc1 d6 11. d5 exd5 12. Nd4 Qc8 13. cxd5 Bxd5 14. f3 c5 15. e4 Qd7 16. Nf5 Be6 17. g4 Bxf5 18.
gxf5 Nc6 19. Bc3 Qe7 20. Qd2 Rad8 21. Qg5 Nd4 22. Kh1 h6 23. Qh4 Nd5 24. Qxe7 Nxe7 25.
Bxd4 cxd4 26. Rc4 d5 27. Rxd4 dxe4 28. Rxe4 Nxf5 29. Rxa4 Ne3 30. Rg1 Rd2 31. Rb4 Rc8 32. Rb3 Nxg2 33. Rxg2 Rc1+ 34. Rg1 Rcc2 35. Re1 Rxh2+ 36.
Kg1 Rcg2+ 37. Kf1 Rxb2 38. Rxb2 Rxb2 39. Re7 Rb3 40. Kg2 Rxa3 41. Rb7 Rb3 42. Kg3 b5 43. Kg4 b4 44. f4 Rb1 45. Kf5 b3 46. Rb8+ Kh7 47.
Rb7 b2 48. Rb8 h5 49. Rb7 h4 50. Rb3 f6 51. Rb7 h3 52. Rb3 Kg8 0-1

[Event "GrandPrix_29.05"]
[Site "Chess.com"]
[Date "2020.05.29"]
[Round "3"]
[White "BogdanDeac"]
[Black "Bestromano"]
[Result "1-0"]
[WhiteElo "2159"]
[BlackElo "1652"]
[TimeControl "600+2"]
[EndTime "10:19:02 PDT"]
[Termination "BogdanDeac won by resignation"]

1. Nf3 c5 2. e3 g6 3. d4 b6 4.
dxc5 bxc5 5. Qd5 Nc6 6. Qxc5 Bg7 7. Bd3 Rb8 8. Nc3 Nf6 9. O-O Bb7 10. e4 d6 11. Qg5 O-O 12. Qh4 Nb4 13. Bh6 Nxd3 14. cxd3 Ba6 15. Bxg7 Kxg7 16. b3 Qa5 17. e5 Qxc3 18.
exf6+ Qxf6 19. Qxf6+ Kxf6 20. Rfd1 Rfc8 21. Rd2 Rc3 22.
d4 Rbc8 23. h3 Bb7 24. Ne1 Rc1 25. Rd1 Rxa1 26. Rxa1 Rc3 27. f3 Ke6 28. Kf2 Kd5 29. Rd1 Ba6 30. Rd2 h5 31. h4 Bb5 32. Kg3 f6 33. Kf2 a5 34. g3 Ba6 35. Ng2 g5 36. Ne3+ Ke6 37. Rc2 Rd3 38. Rc7 Rd2+ 39. Kg1 Rxd4 40. Rxe7+ Kxe7 41. Nf5+ Ke6 42. Nxd4+ Kd5 43.
Nf5 gxh4 44. gxh4 Ke5 45. Ng3 Bd3 46. Nxh5 Bb1 47. a3 f5 48. Ng3 f4 49. Ne2 d5 50. Kf2 d4 51. Ke1 Ba2 52. Nc1 Bb1 53. Kd2 Bg6 54. Nd3+ Kf5 55. b4 axb4 56. axb4 Be8 57.
Ne1 Ke5 58. Nd3+ Kf5 59. Nc5 Bc6 60. Ke2 Bb5+ 61. Kf2 Bc6 62. Nb3 Ke5 63. h5 Bd5 64.
h6 Kf6 65. Nxd4 Kg6 66. b5 Kxh6 67. b6 Kg6 68. Nb5 Kf6 69. Nd6 Ke6 70. b7 1-0

[Event "GrandPrix_29.05"]
[Site "Chess.com"]
[Date "2020.05.29"]
[Round "3"]
[White "econpower"]
[Black "jafarlib"]
[Result "1/2-1/2"]
[WhiteElo "1973"]
[BlackElo "2114"]
[TimeControl "600+2"]
[EndTime "10:19:03 PDT"]
[Termination "Game drawn by repetition"]

1. c4 e5 2. g3 g6 3. Bg2 Bg7 4. Nc3 Nc6 5. e3 Nge7 6. Nge2 O-O 7. O-O d6 8. Rb1 Be6 9. Nd5 Qd7 10. d3 Nd8 11. b4 c6 12. Nxe7+ Qxe7 13. b5 f5 14.
bxc6 bxc6 15. Ba3 g5 16. f4 gxf4 17. gxf4 Rc8 18. fxe5 Bxe5 19. Nf4 Kh8 20. Kh1 Rg8 21. Qh5 Rg5 22. Qh4 Nf7 23. Ng6+ Rxg6 24. Qxe7 Rh6 25. h3 Rg8 26. Bb2 f4 27. Kh2 f3+ 28. Bxe5+ Nxe5 29. Rb2 Bxh3 30. Qxe5+ dxe5 31. Bxh3 Rf8 32. Rbf2 Rd6 33. Rxf3 Rxf3 34. Rxf3 Rxd3 35. Kg3 e4 36. Rf8+ Kg7 37.
Ra8 Rxe3+ 38. Kh4 Ra3 39. Rc8 Kf6 40. Re8 e3 41. Re6+ Kf7 42. Rxc6 e2 43. Rc7+ Ke8 44.
Rc8+ Ke7 45. Rc7+ Kd8 46. Rc8+ Ke7 47. Rc7+ Kd8 48. Rc8+ Ke7 1/2-1/2

[Event "GrandPrix_29.05"]
[Site "Chess.com"]
[Date "2020.05.29"]
[Round "3"]
[White "tsvet2005"]
[Black "arminmusovic"]
[Result "1/2-1/2"]
[WhiteElo "2164"]
[BlackElo "2284"]
[TimeControl "600+2"]
[EndTime "10:19:16 PDT"]
[Termination "Game drawn by agreement"]

1. d4 d5 2. c4 c5 3. cxd5 e6 4. Nc3 exd5 5. Nf3 Nc6 6. g3 h6 7.
Bg2 Nf6 8. O-O Be7 9. dxc5 Bxc5 10. Na4 Be7 11. Be3 O-O 12. Rc1 Re8 13. Nd4 Bd7 14. Nc5 Ne5 15. Nxb7 Qb6 16. Nc6 Qxb7 17. Nxe5 Bf5 18. Nc6 Qxb2 19. Bd4 Qa3 20. Nxe7+ Qxe7 21. Bxf6 Qxf6 22. Qxd5 Rad8 23. Qb5 a6 24. Qa5 Re5 25.
Rc5 Rxc5 26. Qxc5 Rd2 27. e4 Be6 28. a4 Qd4 29. Qxd4 Rxd4 30. Ra1 a5 31. Bf1 1/2-1/2

[Event "GrandPrix_29.05"]
[Site "Chess.com"]
[Date "2020.05.29"]
[Round "3"]
[White "Inspiration1"]
[Black "gross-aleks"]
[Result "0-1"]
[WhiteElo "1365"]
[BlackElo "2074"]
[TimeControl "600+2"]
[EndTime "10:19:24 PDT"]
[Termination "gross-aleks won by resignation"]

1. d4 Nf6 2. Bf4 c6 3. c4 d6 4. Nc3 Nbd7 5. Nf3 Qc7 6. e3 e5 7. Bg3 Be7 8. Be2 O-O 9. Qc2 Re8 10. Rd1 Bf8 11. h3 a6 12. O-O b5 13. c5 dxc5 14. Nxe5 Nxe5 15. dxe5 Rxe5 16. Bxe5 Qxe5 17. Rd8 Bf5 18.
Qd2 Ne4 19. Nxe4 Rxd8 20. Qxd8 Bxe4 21. Rd1 Qxb2 22. Bf3 Bxf3 23. gxf3 c4 24. Qe8 c3 25. Qxc6 c2 26. Rf1 g6 0-1